 Dungeon Crawl Stone Soup version 0.27-a0-988-g25969acef8 (webtiles) character file.

Game seed: 17932511823637392620

18740 porpoise the Fighter (level 12, -7/95 HPs)
             Began as a Djinni Conjurer on Apr 16, 2021.
             Was an Elder of Makhleb.
             Mangled by a frost giant
             ... wielding a +2 battleaxe of freezing
              (11 damage)
             ... in an ice cave.
             The game lasted 01:07:06 (16607 turns).

porpoise the Fighter (Djinni Conjurer)             Turns: 16607, Time: 01:07:07

Health: -7/95      AC: 10    Str:  9    XL:     12   Next: 61%
Gold:   56         EV: 20    Int: 20    God:    Makhleb [****..] SH:  5 Dex: 14

rFire    + + +     SeeInvis .   b - +5 hunting sling of Biopyeg {venom, rElec rN++ Stlth-}
rCold    + + .     Faith    .   L - +0 buckler
rNeg     + + .     Spirit   .   J - +2 robe {rC+}
rPois    ∞         Reflect  .   (no helmet)
rElec    +         Harm     .   F - +2 cloak {Will+}
rCorr    +         Rampage  .   g - +2 pair of gloves
Will     ++...                  (boots unavailable)
Stlth    ++........             (no amulet)
HPRegen  0.25/turn              P - +4 ring of evasion
MPRegen  0.00/turn              R - ring of protection from cold

@: resistant, flying
A: fire resistance 2, cold vulnerability 1, float, innate caster, hp casting,
extra vitality 1
a: Renounce Religion, Minor Destruction, Lesser Servant of Makhleb, Major
Destruction


You were in an ice cave.
You worshipped Makhleb.
Makhleb was greatly pleased with you.
You visited 1 branch of the dungeon, and saw 12 of its levels.
You also visited: Ice Cave.

You collected 807 gold pieces.
You spent 751 gold pieces at shops.

Inventory:

Hand Weapons
 a - a +2 scimitar of venom
 b - the +5 hunting sling of Biopyeg (weapon) {venom, rElec rN++ Stlth-}
   (You bought it in a shop on level 6 of the Dungeon)

   It poisons the ammo it fires.
   It insulates you from electricity.
   It greatly protects you from negative energy.
   It makes you less stealthy.
Missiles
 p - 41 sling bullets (quivered ammo)
 q - 24 boomerangs
 C - a throwing net
 G - 4 javelins
 K - 3 atropa-tipped darts
 N - 6 curare-tipped darts
Armour
 g - a +2 pair of gloves (worn)
 F - a +2 cloak of willpower (worn)
 J - a +2 robe of cold resistance (worn)
 L - a +0 buckler (worn)
 S - a +2 robe of positive energy
Jewellery
 d - a +4 ring of protection
 e - a ring of see invisible
 j - a ring of positive energy
 l - the ring "Syaq" {+Blink Will+ Int+10 Dex-3 Slay-6}
   (You found it on level 7 of the Dungeon)

   [ring of willpower]

   It affects your intelligence (+10).
   It affects your dexterity (-3).
   It affects your accuracy and damage with ranged weapons and melee attacks
   (-6).
   It lets you blink.
   It increases your willpower.
 P - a +4 ring of evasion (left hand)
 R - a ring of protection from cold (right hand)
Wands
 m - a wand of iceblast (12)
 I - a wand of polymorph (10)
 Y - a wand of flame (6)
Scrolls
 f - 4 scrolls of teleportation
 i - a scroll of enchant armour {unknown}
 n - a scroll of enchant weapon {unknown}
 r - a scroll of vulnerability {unknown}
 t - 3 scrolls of noise
 x - a scroll of fear
 E - 3 scrolls of magic mapping
 H - 3 scrolls of identify
 M - a scroll of torment {unknown}
 O - a scroll of summoning {unknown}
 Q - a scroll of immolation {unknown}
 V - a scroll of brand weapon {unknown}
Potions
 c - a potion of resistance
 h - 2 potions of might
 k - a potion of berserk rage
 v - 4 potions of brilliance
 z - a potion of ambrosia
 A - 4 potions of curing
 B - a potion of cancellation
 D - 4 potions of haste
 T - a potion of attraction


   Skills:
 - Level 12.0 Fighting
 - Level 5.0 Armour
 + Level 8.3 Dodging
 - Level 5.0 Stealth
 + Level 4.5 Shields
 - Level 9.0 Spellcasting
 - Level 5.0 Invocations
 - Level 5.0 Evocations


You had one spell level left.
You knew the following spells:

 Your Spells              Type           Power      Damage    Failure   Level
a - Magic Dart            Conj           100%       1d8       1%          1
b - Searing Ray           Conj           90%        3d6       1%          2
c - Fulminant Prism       Conj/Hex       22%        3d13      1%          4
d - Dazzling Flash        Conj/Hex       90%        N/A       1%          3
e - Iskenderun's Mystic   Conj/Tloc      45%        2d10      1%          4
g - Gell's Gravitas       Tloc           22%        N/A       1%          3
k - Blink                 Tloc           N/A        N/A       1%          2
m - Manifold Assault      Tloc           45%        N/A       5%          5
p - Portal Projectile     Hex/Tloc       90%        N/A       1%          3
s - Sting                 Tmut/Pois      100%       1d8       1%          1
Your spell library was empty.

Dungeon Overview and Level Annotations

Branches:
Dungeon (12/15)            Temple (0/1) D:5            Lair (0/6) D:11
    Orc (0/2) D:10          IceCv (1/1)

Altars:
Fedhas
Kikubaaqudgha
Makhleb
Sif Muna
Trog
Uskayaw
Vehumet
Yredelemnul
Zin

Shops:
D:3 =   D:6 [(!


Innate Abilities, Weirdness & Mutations

You are immune to poison.
Your flesh is very heat resistant. (rF++)
You are vulnerable to cold. (rC-)
You float through the air rather than walking.
You learn spells naturally, not from books.
Your magical power is your life essence.
You have superior vitality. (+4 HP)


Message History

Aim: a frost giant, wielding a +2 battleaxe of freezing (moderately wounded, ally target, 98% to hit)
The searing ray hits the frost giant!
The frost giant is heavily wounded. (Press . to maintain the ray.)
Your fulminant prism crackles loudly.
The searing ray hits the frost giant.
The frost giant is heavily wounded.
Your fulminant prism explodes!
The blast of energy engulfs the frost giant!!
The frost giant is severely wounded.
Casting: Searing Ray (safe; 1% risk of failure)
Confirm with . or Enter, or press ? or * to list all spells.
You don't know that spell.
Casting: Searing Ray (safe; 1% risk of failure)
Confirm with . or Enter, or press ? or * to list all spells.
Aiming: Fulminant Prism (mildly dangerous; 1% risk of failure)
Press: ? - help, Dir - move target, p - frost giant You conjure a prism of explosive energy!
A fulminant prism comes into view.
The frost giant gestures at you while chanting.
The bolt of cold hits you! You resist.
* * * LOW HITPOINT WARNING * * *
Casting: Fulminant Prism (mildly dangerous; 1% risk of failure)
Confirm with . or Enter, or press ? or * to list all spells.
* * * LOW HITPOINT WARNING * * *
The frost giant points at you and mumbles some strange words.
The bolt of cold hits you! You resist.
* * * LOW HITPOINT WARNING * * *
Your fulminant prism crackles loudly.
Casting: Dazzling Flash (safe; 1% risk of failure)
Confirm with . or Enter, or press ? or * to list all spells.
Aiming: Searing Ray (safe; 1% risk of failure)
Press: ? - help, Shift-Dir - straight line, f - frost giant
Aim: a frost giant, wielding a +2 battleaxe of freezing (severely wounded, ally target, 98% to hit)
The searing ray hits the frost giant!
The frost giant is severely wounded. (Press . to maintain the ray.)
* * * LOW HITPOINT WARNING * * *
The frost giant hits you with a +2 battleaxe of freezing!
You die...

#..## ##...#
#..(###....#
#..(.......#
##.........##
##.........#
#..*......##
##.....##..#
##..C.###.#
#..@###..# ##
##.####.##
.### ### #..#
...# ##..#
##.### #..##
#...# #÷##
##..## #.†#
#...# #..##
##.### ##..#


You could see a frost giant (ally target) and a friendly fulminant prism.

Vanquished Creatures
  2 two-headed ogres
  Sonja (D:10)
  Nergalle (D:10)
  2 cyclopes (D:11)
  A manticore (D:11)
  3 ice statues (IceCv)
  Maggie (D:10)
  A gargoyle (D:11)
  2 ice devils (D:12)
  13 polar bears (IceCv)
  3 trolls
  A wraith (D:9)
  19 yaks
  2 vampires
  2 wyverns
  Eustachio (D:4)
  2 wargs
  An acid dragon (D:11)
  3 water moccasins
  6 orc warriors
  3 black bears
  A necrophage (D:6)
  7 ogres
  8 wolves (IceCv)
  4 centaurs
  6 kobold brigands
  3 gnoll sergeants (D:10)
  3 bullfrogs
  5 scorpions
  A water moccasin skeleton (D:4)
  4 killer bees (D:10)
  11 wights
  2 bullfrog zombies
  A centaur skeleton (D:5)
  6 centaur zombies
  A hound (D:4)
  2 jellies
  3 orc priests
  Jessica (D:2)
  An iguana (D:6)
  8 orc wizards
  Ijyb (D:3)
  A hound zombie (D:5)
  8 adders
  A gnoll (D:10)
  A shadow imp (D:7)
  An ufetubus (D:6)
  An adder skeleton (D:3)
  2 dart slugs (D:1)
  29 orcs
  6 endoplasms
  4 giant cockroaches
  15 goblins
  7 hobgoblins
  10 jackals
  6 quokkas
  4 ball pythons
  3 bats
  A frilled lizard (D:2)
  26 kobolds
  A rat (D:2)
276 creatures vanquished.

Vanquished Creatures (others)
  62 fulminant prisms
62 creatures vanquished.

Grand Total: 338 creatures vanquished

Notes
Turn   | Place    | Note
-------+----------+-------------------------------------------
     0 | D:1      | porpoise the Djinni Conjurer began the quest for the Orb.
     0 | D:1      | Reached XP level 1. HP: 15/15 MP: 0/0
   361 | D:1      | Reached skill level 1 in Fighting
   361 | D:1      | Reached XP level 2. HP: 17/22 MP: 0/0
   718 | D:1      | Reached XP level 3. HP: 27/28 MP: 0/0
   718 | D:1      | Learned a level 1 spell: Sting
  1563 | D:2      | Reached skill level 2 in Fighting
  2006 | D:2      | Noticed Jessica
  2009 | D:2      | Killed Jessica
  2010 | D:2      | Reached XP level 4. HP: 24/34 MP: 0/0
  2734 | D:3      | Noticed Ijyb
  2747 | D:3      | Killed Ijyb
  2748 | D:3      | Reached skill level 3 in Fighting
  2748 | D:3      | Reached XP level 5. HP: 26/40 MP: 0/0
  2748 | D:3      | Learned a level 2 spell: Blink
  2996 | D:3      | Found a blossoming altar of Fedhas.
  3279 | D:3      | Found Zoobbota's Jewellery Emporium.
  3398 | D:3      | Found a large runed translucent door.
  3399 | D:3      | Found a large runed translucent door.
  3418 | D:3      | Found a burning altar of Makhleb.
  3422 | D:3      | Found a hide-covered altar of Uskayaw.
  3462 | D:3      | Became a worshipper of Makhleb the Destroyer
  3646 | D:3      | Found a faded altar of an unknown god.
  3697 | D:4      | Reached skill level 5 in Spellcasting
  3697 | D:4      | Reached XP level 6. HP: 39/47 MP: 0/0
  3821 | D:4      | Reached skill level 4 in Fighting
  4119 | D:4      | Noticed Eustachio
  4127 | D:4      | Killed Eustachio
  4128 | D:4      | Reached XP level 7. HP: 45/53 MP: 0/0
  4128 | D:4      | Learned a level 3 spell: Portal Projectile
  4142 | D:4      | Reached skill level 5 in Fighting
  4652 | D:5      | Entered Level 5 of the Dungeon
  4758 | D:5      | Found a bloodstained altar of Trog.
  4921 | D:5      | Reached skill level 6 in Fighting
  4921 | D:5      | Reached XP level 8. HP: 57/61 MP: 0/0
  5396 | D:5      | Reached * piety under Makhleb
  5397 | D:5      | Reached skill level 7 in Fighting
  5450 | D:5      | Found a staircase to the Ecumenical Temple.
  5963 | D:6      | Found Wuruog's Distillery.
  5968 | D:6      | Bought a potion of curing for 36 gold pieces
  5998 | D:6      | Reached skill level 1 in Evocations
  6476 | D:6      | Found Xokugrib's Antique Armour Shop.
  6550 | D:6      | Bought a runed cloak for 195 gold pieces
  6653 | D:6      | Found Ownazith's Antique Weapon Shop.
  6787 | D:6      | Reached XP level 9. HP: 62/68 MP: 0/0
  6787 | D:6      | Learned a level 3 spell: Gell's Gravitas
  7268 | D:7      | Identified the ring "Syaq" {+Blink Will+ Int+10 Dex-3
                  | Slay-6}
  7328 | D:7      | Reached skill level 5 in Dodging
  7474 | D:7      | Reached skill level 5 in Evocations
  7484 | D:7      | Reached skill level 1 in Invocations
  7729 | D:6      | Bought a translucent hunting sling for 156 gold pieces
  7729 | D:6      | Identified the +5 hunting sling of Biopyeg {venom, rElec
                  | rN++ Stlth-} (You bought it in a shop on level 6 of the
                  | Dungeon)
  7943 | D:7      | Found a glowing silver altar of Zin.
  8227 | D:8      | Reached skill level 1 in Shields
  8262 | D:8      | Reached ** piety under Makhleb
  8815 | D:8      | Noticed a two-headed ogre
  8820 | D:8      | Killed a two-headed ogre
  8821 | D:8      | Reached XP level 10. HP: 75/75 MP: 0/0
  9830 | D:9      | Reached skill level 5 in Stealth
  9830 | D:9      | Reached skill level 5 in Invocations
  9889 | D:9      | Noticed a two-headed ogre
  9899 | D:9      | Killed a two-headed ogre
 10300 | D:9      | Found a basalt altar of Yredelemnul.
 10372 | D:10     | Entered Level 10 of the Dungeon
 10449 | D:10     | Reached skill level 8 in Fighting
 10537 | D:10     | Noticed Sonja
 10553 | D:10     | Killed Sonja
 10554 | D:10     | Reached XP level 11. HP: 80/82 MP: 0/0
 10554 | D:10     | Learned a level 5 spell: Manifold Assault
 10656 | D:10     | Reached skill level 9 in Fighting
 10656 | D:10     | Reached skill level 5 in Armour
 10692 | D:10     | Noticed Nergalle
 10706 | D:10     | Noticed Maggie
 10713 | D:10     | Killed Nergalle
 11006 | D:10     | Found a staircase to the Orcish Mines.
 11028 | D:10     | Reached *** piety under Makhleb
 11535 | D:10     | Reached skill level 10 in Fighting
 11890 | D:10     | Killed Maggie
 12190 | D:11     | Noticed a cyclops
 12384 | D:11     | Noticed a cyclops
 12390 | D:11     | Killed a cyclops
 12857 | D:11     | Noticed a manticore
 12863 | D:11     | Killed a manticore
 13072 | D:11     | Found a staircase to the Lair.
 13288 | D:11     | Killed a cyclops
 13289 | D:11     | Reached skill level 11 in Fighting
 13654 | D:6      | Bought a transparent leather armour for 182 gold pieces
 13654 | D:6      | Identified the +2 leather armour of Pragmatism {Will+} (You
                  | bought it in a shop on level 6 of the Dungeon)
 13654 | D:6      | Bought a pearl-encrusted leather armour for 182 gold pieces
 13654 | D:6      | Identified the +3 leather armour "Mauschao" {Int+3 Slay+3}
                  | (You bought it in a shop on level 6 of the Dungeon)
 13825 | D:12     | Reached XP level 12. HP: 90/94 MP: 0/0
 13825 | D:12     | Found a frozen archway.
 13867 | IceCv    | Entered an ice cave
 13927 | IceCv    | Reached **** piety under Makhleb
 15315 | IceCv    | Reached skill level 12 in Fighting
 15502 | IceCv    | Noticed a frost giant
 16607 | IceCv    | Mangled by a frost giant

Illustrated notes

Levels and vault maps discovered:
D:1:      dpeg_arrival_rhombi, layout_rooms, serial_co_window_serial,
          co_window_of_opportunity_a, co_window_paths_b, co_window_cross_1,
          co_window_paths_b, co_window_of_opportunity_a,
          co_window_unsneaky_path_e, co_window_of_opportunity_b,
          co_window_broadway_a, co_window_2corner, co_window_cross_3,
          co_window_sun, glass_columns_c
D:2:      layout_basic, uniq_jessica
D:3:      kennysheep_the_goblin_king, layout_rooms, jmf_multi_god_temple2,
          fedhas_altar_2, hellmonk_ecumenical_altar_inner_sanctum, serial_shops,
          shop
D:4:      layout_gridville, overflow_temple_1_default, uniq_eustachio
D:5:      layout_basic, overflow_temple_1_default, minmay_temple_entry_fiery
D:6:      layout_loops_ring, nicolae_sif_muna_condensation, serial_shops,
          nicolae_shop_trees, kennysheep_little_box, nicolae_shop_stone,
          hangedman_abyss_or_decor_stagger
D:7:      layout_basic, zin_statuary, amcnicky_altar_gilded
D:8:      layout_loops_ring
D:9:      layout_loops_corners, lemuel_doored_altar, minivault_24
D:10:     layout_loops_cross, kennysheep_orc_monster_closet_entryway,
          serial_glass, glass_columns_a, glass_columns_a, glass_columns_a,
          glass_columns_a, glass_columns_c, glass_columns_a, glass_columns_b,
          glass_columns_a, glass_columns_a, glass_columns_a, minivault_1,
          uniq_maggie, uniq_nergalle, uniq_sonja
D:11:     layout_cave_pools, erik_lair_orcish_takeover, minivault_5,
          chequers_serial_rivers_room_a
D:12:     layout_basic, portal_ice_cave_demonic_guard, serial_bayou_pond_c
IceCv:    ice_cave_small_giant

Skill      XL: |  1  2  3  4  5  6  7  8  9 10 11 12 |
---------------+-------------------------------------+-----
Fighting       | 1 2 3 4 6 7 8 11 12 | 12.0
Spellcasting   | 4 5 6 7 8 9 |  9.0
Evocations     | 3 5 |  5.0
Dodging        | 4 5 8 |  8.3
Stealth        | 4 5 |  5.0
Invocations    | 4 5 |  5.0
Shields        | 4 |  4.5
Armour         | 4 5 |  5.0

Action                   |  1- 3 |  4- 6 |  7- 9 | 10-12 || total
-------------------------+-------+-------+-------+-------++-------
Melee: Short sword       |       |       |       |     6 ||     6
 Fire: Hunting sling     |     3 |    49 |    71 |   111 ||   234
 Cast: Magic Dart        |    42 |    16 |       |     1 ||    59
       Searing Ray       |     6 |    26 |    59 |    95 ||   186
       Fulminant Prism   |       |       |     6 |    57 ||    63
       Iskenderun's Myst |       |       |     2 |    55 ||    57
       Dazzling Flash    |       |       |       |     2 ||     2
       Blink             |       |       |       |     1 ||     1
       Sting             |       |       |       |     1 ||     1
Evoke: Wand              |       |     2 |       |       ||     2
  Use: Scroll            |       |     4 |     5 |     9 ||    18
       Potion            |       |       |       |     1 ||     1
Armor: Robe              |     1 |     4 |    18 |    41 ||    64
Dodge: Dodged            |     2 |    10 |    28 |   106 ||   146
Block: Buckler           |       |       |       |    33 ||    33

Table legend: (Time is in decaauts)
 A = Elapsed time spent in this place.
 B = Non-inter-level travel time spent in this place.
 C = Inter-level travel time spent in this place.
 D = Time resting spent in this place.
 E = Time spent auto-exploring this place.
 F = Levels seen in this place.
 G = Mean time per level.
                   A        B        C        D        E       F      G
               +--------+--------+--------+--------+--------+-----+--------+
         Total |  16646 |  16000 |    646 |   6951 |   6766 |  13 | 1280.5 |
       Dungeon |  13900 |  13254 |    646 |   5042 |   6561 |  12 | 1158.3 |
      Ice Cave |   2746 |   2746 |      0 |   1909 |    205 |   1 | 2746.0 |
               +--------+--------+--------+--------+--------+-----+--------+

Top non-repeatable levels by time:
   IceCv: 2746 daAuts
    D:10: 2025 daAuts
     D:6: 1585 daAuts
     D:1: 1538 daAuts
    D:11: 1232 daAuts
     D:3: 1219 daAuts
     D:9: 1215 daAuts
     D:8: 1125 daAuts
     D:5: 1050 daAuts
     D:4: 953 daAuts
     D:2: 949 daAuts
     D:7: 922 daAuts
    D:12: 83 daAuts
